 Dungeon Crawl Stone Soup version 0.25-a0-413-g3b4b6a4ccc (webtiles) character file.

Game seed: 11640233658484712182, levelgen mode: deterministic

17741 Borgoz the Fighter (level 12, -7/80 HPs)
             Began as a Gargoyle Berserker on Jan 16, 2020.
             Was a High Priest of Trog.
             Mangled by a death knight
             ... wielding a +0 halberd
              (9 damage)
             ... on level 11 of the Dungeon.
             The game lasted 00:20:34 (12761 turns).

Borgoz the Fighter (Gargoyle Berserker)            Turns: 12761, Time: 00:20:34

Health: -7/80      AC: 22    Str: 27    XL:     12   Next: 51%
Magic:  12/12      EV: 16    Int:  9    God:    Trog [*****.]
Gold:   542        SH:  0    Dex: 17    Spells: 11/11 levels left

rFire    . . .     SeeInvis .   b - +4 war axe "Jaakocat" {flame, rElec MR++ Stlth-}
rCold    . . .     Gourm    .   (no shield)
rNeg     + . .     Faith    .   m - +1 scale mail
rPois    ∞         Spirit   .   (no helmet)
rElec    +         Reflect  .   (no cloak)
rCorr    .         Harm     .   u - +2 pair of gloves
MR       ++...                  (no boots)
Stlth    ..........             q - amulet of regeneration
HPRegen  0.63/turn              x - +5 ring of dexterity
MPRegen  0.13/turn              j - +5 ring of strength

@: berserk cooldown, slowed, very slow
A: negative energy resistance 1, electricity resistance, unbreathing,
petrification resistance, rot immunity, AC +8
a: Berserk, Trog's Hand, Brothers in Arms, Renounce Religion


You were on level 11 of the Dungeon.
You worshipped Trog.
Trog was extremely pleased with you.
You were near starving.

You visited 1 branch of the dungeon, and saw 11 of its levels.
You also visited: Sewer and Ossuary.

You collected 542 gold pieces.

Inventory:

Hand Weapons
 a - a +1 dire flail of protection
 b - the +4 war axe "Jaakocat" (weapon) {flame, rElec MR++ Stlth-}
   (You found it on level 6 of the Dungeon)

   It has been specially enchanted to burn those struck by it, causing extra
   injury to most foes and up to half again as much damage against particularly
   susceptible opponents.
   Big, fiery blades are also staple armaments of hydra-hunters.
   It insulates you from electricity.
   It affects your resistance to hostile enchantments.
   It makes you less stealthy.
 r - a +0 antimagic morningstar
Armour
 m - a +1 scale mail (worn)
 u - a +2 pair of gloves (worn)
Jewellery
 e - an uncursed ring of protection from cold
 j - a +5 ring of strength (right hand)
 q - an amulet of regeneration (around neck)
 s - the ring of Xief {rF+ Str-4 Dex+2 Stlth-}
   (You found it on level 5 of the Dungeon)

   [ring of attention]

   It affects your strength (-4).
   It affects your dexterity (+2).
   It protects you from fire.
   It makes you less stealthy.
 v - a +4 ring of dexterity
 x - a +5 ring of dexterity (left hand)
Wands
 t - a wand of iceblast (6)
 B - a wand of polymorph (18)
 E - a wand of digging (3)
Scrolls
 d - 7 scrolls of teleportation
 f - 12 scrolls of remove curse
 h - a scroll of torment {unknown}
 i - a scroll of blinking
 y - a scroll of fear {unknown}
Potions
 g - 2 potions of might
 k - 7 potions of curing
 l - 4 potions of mutation
 n - 3 potions of heal wounds
 o - 2 potions of ambrosia {unknown}
 p - a potion of resistance
 z - 3 potions of haste {unknown}
 A - 3 potions of flight
 C - a potion of lignification {unknown}
 D - a potion of berserk rage {unknown}
 F - 2 potions of agility {unknown}
Comestibles
 c - 22 rations


   Skills:
 + Level 11.5 Fighting
 + Level 10.6 Maces & Flails
 + Level 11.2 Armour
 + Level 8.7 Dodging


You had 11 spell levels left.
You didn't know any spells.
Your spell library was empty.

Dungeon Overview and Level Annotations

Branches:
Dungeon (11/15)            Temple (0/1) D:7            Lair (0/6) D:8
  Sewer (visited)         Ossuary (visited)
    Orc: D:9-12

Altars:
Dithmenos
Elyvilon
Fedhas
Okawaru
Qazlal
Wu Jian
Beogh

Shops:
D:6 !   D:8 [

Annotations:
D:2 exclusion: oklob plant
D:7 3 runed translucent doors, Yorgos's ghost, novice OpFi


Innate Abilities, Weirdness & Mutations

You are resistant to torment.
Your stone body is resilient. (AC +8)
You are immune to poison.
You resist negative energy. (rN+)
You are resistant to electric shocks. (rElec)
You can survive without breathing.
You are immune to petrification.
You are immune to rotting.


Message History

There is an open gate, spattered with blood here.
Things that are here:
a +0 whip; 4 stones; a big kobold corpse
Okay, then.
Okay, then.
Okay, then.
You feel much better.
The death knight hits you from afar with a +0 halberd.
A kobold skeleton comes into view.
The freezing wraith hits you.
* * * LOW HITPOINT WARNING * * *
The freezing wraith freezes you!
* * * LOW HITPOINT WARNING * * *
The freezing wraith hits you but does no damage.
The wraith hits you.
* * * LOW HITPOINT WARNING * * *
The wraith drains your vigour!
You feel as though you will be slow longer.
The death knight hits you from afar with a +0 halberd!
You die...

#.##'''##.# ..#.##
#..8...8..#...#..#
#.........#Z. #..#
+.....Z...'. #..#
#.........# #..# ####
#...Z.....#####..#
.....#.....p)(.#......####
...#.##..WW)..##..........
......###@W)###...........
#....8).)8.....|.......
..#.#...(..(..###.....###
#....[...†.(### #.###)#
###.#.#...(.# #.# #.#
#.#.#.#...# #.###.### #
#.#.(...# #.(...)))
.......#######..>####
.#........#.......#


You could see a death knight, a freezing wraith, 2 wraiths, a kobold zombie and
2 kobold skeletons.

Vanquished Creatures
  A hydra (D:11)
  Erica (D:11)
  3 two-headed ogres
  An unseen horror (D:11)
  A phantasmal warrior (D:11)
  2 manticores
  An ugly thing (D:11)
  A centaur zombie (D:11)
  6 orange demons (D:11)
  2 trolls (D:10)
  3 red devils (D:11)
  A hornet (D:10)
  A hippogriff (D:9)
  A spriggan (D:7)
  2 wraiths
  Eustachio (D:6)
  2 basilisks (D:11)
  5 yaks
  A hungry ghost (D:11)
  Edmund (D:6)
  3 porcupines (D:8)
  A water moccasin (D:9)
  4 orc warriors
  4 sky beasts
  A necrophage (D:10)
  2 black bears
  4 ice beasts
  6 phantoms
  7 ogres
  2 centaurs
  4 big kobolds
  11 bullfrogs
  2 scorpions (D:8)
  2 water moccasin zombies (Ossuary)
  4 killer bees (D:9)
  8 wights
  2 howler monkeys
  4 crimson imps
  2 bullfrog zombies
  2 quasits
  8 hounds
  2 jellies
  A bullfrog skeleton (D:11)
  5 orc priests
  9 orc wizards
  4 centaur skeletons
  4 iguanas
  3 worker ants
  3 big kobold zombies (Ossuary)
  A hound zombie (D:11)
  A hound skeleton (D:8)
  2 mummies (Ossuary)
  A worker ant zombie (D:10)
  A river rat (D:3)
  14 adders
  2 shadow imps
  16 oozes
  An adder skeleton (D:8)
  5 adder zombies (Ossuary)
  2 worms (D:2)
  2 dart slugs
  24 leopard geckos
  41 orcs
  4 bats
  10 giant cockroaches
  4 goblins
  8 hobgoblins
  15 jackals
  29 kobolds
  4 quokkas
  13 ball pythons
  8 frilled lizards
  A giant cockroach zombie (D:6)
  2 gnoll zombies (Ossuary)
  5 hobgoblin zombies (Ossuary)
  2 kobold skeletons (D:11)
  10 kobold zombies
  A leopard gecko zombie (D:5)
  6 orc zombies (Ossuary)
  A quokka skeleton (D:4)
  A quokka zombie (D:6)
  8 rats
  23 fungi (D:8)
  9 plants (D:8)
428 creatures vanquished.

Vanquished Creatures (collateral kills)
  A deep elf archer (D:9)
  A hound (D:11)
  An iguana (D:9)
3 creatures vanquished.

Vanquished Creatures (others)
  A fungus (D:8)
  2 plants (D:8)
3 creatures vanquished.

Grand Total: 434 creatures vanquished

Notes
Turn   | Place    | Note
-------+----------+-------------------------------------------
     0 | D:1      | Borgoz the Gargoyle Berserker began the quest for the Orb.
     0 | D:1      | Reached XP level 1. HP: 14/14 MP: 1/1
   498 | D:1      | Reached XP level 2. HP: 8/19 MP: 2/2
  1400 | D:2      | Reached XP level 3. HP: 16/23 MP: 3/3
  1468 | D:2      | Found a shadowy altar of Dithmenos.
  1654 | D:2      | Found a blossoming altar of Fedhas.
  1674 | D:2      | Noticed an oklob plant
  1826 | D:2      | Reached ** piety under Trog
  1826 | D:2      | Reached XP level 4. HP: 29/29 MP: 4/4
  2694 | D:3      | Found a glowing drain.
  2723 | D:3      | Reached XP level 5. HP: 33/33 MP: 5/5
  2830 | Sewer    | Entered a sewer
  3217 | Sewer    | Reached XP level 6. HP: 35/39 MP: 6/6
  3289 | Sewer    | Reached *** piety under Trog
  3441 | Sewer    | Reached skill level 5 in Fighting
  3684 | D:3      | Reached XP level 7. HP: 44/44 MP: 7/7
  3779 | D:3      | Found a faded altar of an unknown god.
  4531 | D:4      | Found an iron altar of Okawaru.
  4909 | D:5      | Entered Level 5 of the Dungeon
  4961 | D:5      | Reached skill level 5 in Maces & Flails
  5397 | D:5      | Reached skill level 5 in Armour
  5573 | D:5      | Reached XP level 8. HP: 21/51 MP: 8/8
  5980 | D:5      | Got a pitted tin ring
  5986 | D:5      | Identified the ring of Xief {rF+ Str-4 Dex+2 Stlth-} (You
                  | found it on level 5 of the Dungeon)
  6204 | D:5      | Reached **** piety under Trog
  6749 | D:6      | Reached XP level 9. HP: 56/56 MP: 9/9
  6846 | D:6      | Found a stormy altar of Qazlal.
  6877 | D:6      | Reached skill level 5 in Dodging
  7019 | D:6      | Found Gib Dut's Distillery.
  7024 | D:6      | Got an ichor-stained war axe
  7431 | D:6      | Noticed Edmund
  7453 | D:6      | Killed Edmund
  7457 | D:6      | Identified the +4 war axe "Jaakocat" {flame, rElec MR++
                  | Stlth-} (You found it on level 6 of the Dungeon)
  7522 | D:6      | Noticed Eustachio
  7531 | D:6      | Killed Eustachio
  8261 | D:7      | Found a staircase to the Ecumenical Temple.
  8365 | D:7      | Found a runed translucent gate.
  8365 | D:7      | Found a runed translucent gate.
  8365 | D:7      | Found a runed translucent gate.
  8563 | D:7      | Noticed Yorgos's ghost (novice OpFi)
  8565 | D:7      | Found a roughly hewn altar of Beogh.
  8567 | D:7      | Identified the +7 battleaxe "Eviscerator" {pain, MR+ Str+4
                  | Dex+2}
  8567 | D:7      | Identified the +6 chain mail of Yskunn {-Cast Dex+5}
  9001 | D:8      | Found Usadin's Antique Armour Boutique.
  9063 | D:8      | Found a sand-covered staircase.
  9073 | Ossuary  | Entered an ossuary
  9378 | D:8      | Reached XP level 10. HP: 58/64 MP: 10/10
  9466 | D:8      | Found a staircase to the Lair.
  9547 | D:8      | Reached ***** piety under Trog
  9547 | D:8      | Received a gift from Trog
  9639 | D:8      | Found a white marble altar of Elyvilon.
 10370 | D:9      | Noticed a two-headed ogre
 10387 | D:9      | Killed a two-headed ogre
 10489 | D:9      | Noticed a manticore
 10489 | D:9      | Noticed a deep elf archer
 10501 | D:9      | Reached XP level 11. HP: 55/71 MP: 11/11
 10507 | D:9      | Killed a manticore
 10512 | D:9      | Killed a deep elf archer
 10925 | D:10     | Entered Level 10 of the Dungeon
 10942 | D:10     | Noticed a two-headed ogre
 10950 | D:10     | Killed a two-headed ogre
 10950 | D:10     | Reached skill level 10 in Fighting
 11092 | D:10     | Noticed a two-headed ogre
 11104 | D:10     | Killed a two-headed ogre
 11247 | D:10     | Received a gift from Trog
 11447 | D:10     | Reached skill level 10 in Armour
 12092 | D:11     | Noticed Erica
 12107 | D:11     | Killed Erica
 12229 | D:11     | Noticed a manticore
 12242 | D:11     | Killed a manticore
 12248 | D:11     | Reached skill level 10 in Maces & Flails
 12248 | D:11     | Reached XP level 12. HP: 73/79 MP: 12/12
 12260 | D:11     | Found an ornate altar of the Wu Jian Council.
 12599 | D:11     | Noticed a seven-headed hydra
 12607 | D:11     | Noticed a death knight
 12611 | D:11     | Killed a one-headed hydra
 12736 | D:11     | Received a gift from Trog
 12760 | D:11     | HP: 3/80 [death knight/+0 halberd (16)]
 12761 | D:11     | Mangled by a death knight

Levels and vault maps discovered:
D:1:      dpeg_arrival_stone_temple_mockup, layout_basic,
          hangedman_decor_riveting, glass_columns_a
D:2:      layout_basic, nicolae_dithmenos_shadow_blocks, tgw_fedhas
D:3:      layout_loops_corners, chequers_ecumenical_altar_twisty,
          portal_sewer_entry_a, first_ration
D:4:      layout_basic, okawaru_metal_pillars_1_2
D:5:      minmay_octagon_keep, layout_basic, nrook_uturn
D:6:      layout_gridville, serial_shops, nicolae_shop_statue_plus,
          grunt_qazlal_clouds, uniq_edmund, uniq_eustachio
D:7:      minmay_blocky_corners, layout_layer_cave,
          minmay_temple_entry_drinking_statues, biasface_ghost_orc_armoury,
          the_bakery, corexii_leaking_fountain
D:8:      layout_cave_pods, due_lair_maze_entry_diamond, serial_shops, shop,
          chequers_ossuary_entry_cave, minmay_misc_feat_secret_circle,
          elyvilon_altar_1
D:9:      layout_basic, grunt_ministairs_3, moated_statue, nzn_random_ring
D:10:     layout_loops_corners, grunt_ministairs_4
D:11:     wander_kiku_kobolds, layout_loops_cross, orc_0_dummy, basic_altar,
          serial_shops, kennysheep_mini, minmay_beelzebubs_servants, uniq_erica

Skill      XL: |  1  2  3  4  5  6  7  8  9 10 11 12 |
---------------+-------------------------------------+-----
Dodging        | 2 3 4 5 7 8 |  8.7
Armour         | 3 4 5 6 7 9 10 11 | 11.2
Fighting       | 4 5 6 8 9 10 11 | 11.5
Maces & Flails | 4 5 6 7 8 10 | 10.6

Action                   |  1- 3 |  4- 6 |  7- 9 | 10-12 || total
-------------------------+-------+-------+-------+-------++-------
Melee: Mace              |    92 |   411 |   379 |       ||   882
       War axe           |       |       |   145 |   562 ||   707
Invok: Berserk           |     2 |     2 |     4 |     4 ||    12
       Trog's Hand       |       |     4 |     1 |     4 ||     9
       Brothers in Arms  |       |       |       |     3 ||     3
Evoke: Wand              |       |       |     1 |     3 ||     4
  Use: Scroll            |       |     6 |     6 |     4 ||    16
       Potion            |       |       |       |     2 ||     2
  Eat: Chunk             |     5 |    10 |    16 |    19 ||    50
       Ration            |       |       |     2 |       ||     2
Armor: Animal skin       |    37 |    15 |       |       ||    52
       Ring mail         |       |    27 |       |       ||    27
       Scale mail        |       |   283 |   292 |   346 ||   921
Dodge: Dodged            |    62 |   410 |   342 |   555 ||  1369

Table legend:
 A = Non-vault XP
 B = Vault XP
 C = Vault XP percentage of total XP
 D = Non-vault monster count
 E = Vault monster count
 F = Vault count percentage of total count
                 A         B        C        D         E       F
            +---------+---------+-------+---------+---------+-------
      Total |   14112 |   11233 |  44.3 |     222 |     177 |  44.4
            +---------+---------+-------+---------+---------+-------
        D:1 |      30 |       0 |   0.0 |      16 |       0 |   0.0
        D:2 |      73 |       0 |   0.0 |      26 |       0 |   0.0
        D:3 |     213 |      31 |  12.7 |      22 |       6 |  21.4
        D:4 |     211 |       0 |   0.0 |      11 |       0 |   0.0
        D:5 |     314 |     679 |  68.4 |       4 |      15 |  78.9
        D:6 |    1073 |     377 |  26.0 |      20 |       2 |   9.1
        D:7 |     189 |     349 |  64.9 |       4 |       3 |  42.9
        D:8 |    1032 |     925 |  47.3 |      22 |       7 |  24.1
        D:9 |    1501 |    2805 |  65.1 |      34 |      18 |  34.6
       D:10 |    3880 |     993 |  20.4 |      32 |       8 |  20.0
       D:11 |    5596 |    4382 |  43.9 |      31 |      37 |  54.4
      Sewer |       0 |     375 | 100.0 |       0 |      50 | 100.0
    Ossuary |       0 |     317 | 100.0 |       0 |      31 | 100.0
            +---------+---------+-------+---------+---------+-------
